AoeStats
← [PSCH] R!ce

African Clearing

510364658Analyzed
2v2 RM · 1d ago on Sep 30, 2026· 59m 3s· 4 players
Game mode
Random Map
Map size
Medium (4 player)
Population
200
Speed
Normal
Resources
Standard
Victory
Conquest
Starting age
Dark Age
Ending age
Imperial Age
RankedLock teamsTeams togetherTeam positionsShared explorationLock speedFull tech treeHidden civsTurbo modeCheats
Victory
Defeat
🇸🇪 Koreans · Sweden
1368
+18
🇸🇪 Italians · Sweden
1326
+19
🇨🇭 Persians · Switzerland
1437
-20
🇨🇭 Varangians · Switzerland
1361
-17
yūgen
8:18 Loom
12:10 Feudal Age
15:00 Fletching
21:53 Castle Age
20:25 Padded Archer Armor
22:34 Bodkin Arrow
22:18 Crossbowman
25:42 Wheelbarrow
31:16 Horse Collar
32:27 Heavy Plow
33:12 Double-Bit Axe
35:59 Bow Saw
36:50 Town Watch
42:42 Imperial Age
41:04 Hand Cart
43:02 Leather Archer Armor
44:13 Bracer
44:39 Stone Mining
44:40 Gold Mining
47:27 Chemistry
46:48 Ballistics
49:27 Elite Genoese Crossbowman
52:33 Conscription
53:41 Scale Barding Armor
53:46 Forging
55:52 Bloodlines
55:43 Husbandry
56:13 Light Cavalry
57:15 Chain Barding Armor
57:31 Iron Casting
pawheeeeee
13:04 Feudal Age
13:47 Double-Bit Axe
16:41 Castle Age
15:08 Loom
18:05 Bow Saw
23:38 Horse Collar
25:01 Fletching
26:28 Bodkin Arrow
26:47 Heavy Plow
28:17 Wheelbarrow
28:53 Town Watch
33:27 Imperial Age
32:15 Scale Mail Armor
32:03 Arson
34:41 Conscription
34:22 Eupseong
35:01 Ballistics
35:42 Chemistry
35:21 Pikeman
36:02 Squires
35:57 Elite War Wagon
40:31 Murder Holes
40:44 Siege Engineers
40:50 Bracer
41:21 Halberdier
41:27 Elite Skirmisher
42:12 Thumb Ring
42:42 Gold Mining
42:43 Stone Mining
43:27 Chain Mail Armor
43:51 Forging
45:59 Plate Mail Armor
46:05 Iron Casting
45:45 Elite Fire Lancer
46:57 Masonry
46:28 Treadmill Crane
46:44 Murder Holes
49:21 Gold Shaft Mining
55:23 Architecture
56:16 Town Patrol
56:34 Hand Cart
[PSCH] Girithron
10:47 Loom
12:51 Feudal Age
16:35 Castle Age
15:00 Double-Bit Axe
16:32 Scale Mail Armor
17:59 Forging
18:03 Bow Saw
18:45 Gambesons
23:52 Chain Mail Armor
27:08 Wheelbarrow
27:06 Horse Collar
29:37 Forging
34:44 Fletching
34:55 Padded Archer Armor
35:59 Hand Cart
38:53 Imperial Age
37:27 Bodkin Arrow
37:47 Leather Archer Armor
37:38 Scale Barding Armor
38:09 Iron Casting
37:25 Elite Skirmisher
38:30 Leather Archer Armor
38:51 Vendel Legacy
39:40 Bracer
40:20 Ring Archer Armor
42:25 Chemistry
41:45 Ballistics
43:54 Scale Barding Armor
44:43 Iron Casting
45:39 Conscription
48:46 Heavy Plow
51:42 Gothikon
53:13 Capped Ram
58:10 Plate Mail Armor
58:41 Blast Furnace
[PSCH] R!ce
8:30 Loom
8:40 Loom
11:27 Feudal Age
11:54 Double-Bit Axe
14:17 Fletching
21:23 Castle Age
19:36 Horse Collar
20:17 Scale Barding Armor
20:23 Forging
21:13 Bloodlines
24:06 Chain Barding Armor
37:37 Forging
37:22 Bodkin Arrow
39:04 Wheelbarrow
41:45 Iron Casting
48:01 Imperial Age
47:58 Cavalier
53:21 Kamandaran
53:37 Padded Archer Armor
54:13 Plate Barding Armor
53:26 Crossbowman
54:12 Thumb Ring
55:27 Elite Skirmisher
56:41 Leather Archer Armor
58:46 Ring Archer Armor
Connection lost

Rejoining the realm…

Still unreachable

The connection could not be restored.

Session expired

The server has moved on; the page needs a fresh start.